 Dungeon Crawl Stone Soup version 0.29-a0-284-gf9362112df (webtiles) character file.

Game seed: 1799785550718064846

252 sammy202020 the Skirmisher (level 5, -8/44 HPs)
             Began as a Palentonga Fighter on Mar 22, 2022.
             Mangled by an ogre
             ... wielding a +0 giant club
              (12 damage)
             ... on level 4 of the Dungeon.
             The game lasted 00:05:59 (2084 turns).

sammy202020 the Skirmisher (Palentonga Fighter)     Turns: 2084, Time: 00:06:01

Health: -8/44      AC:  6    Str: 22    XL:     5   Next: 89%
Magic:  5/5        EV:  7    Int: 14    God:
Gold:   136        SH:  4    Dex:  9    Spells: 4/4 levels left

rFire   . . .      SeeInvis +   m - +7 flail of the Reaper {distort, *Rage Str+2 Int+4}
rCold   . . .      Faith    .   c - +0 buckler
rNeg    . . .      Spirit   .   b - +0 scale mail
rPois   .          Reflect  .   (no helmet)
rElec   .          Harm     .   (no cloak)
rCorr   .          Rampage  .   (no gloves)
Will    .....      Rage     20% (no barding)
Stlth   ..........              (no amulet)
HPRegen 0.14/turn               f - ring of flight
MPRegen 0.09/turn               (no ring)

@: lethally poisoned (-8 -> -13), on berserk cooldown, flying, slowed, very slow
A: large, rugged brown scales 3, see invisible, deformed body, roll 1, armoured
tail
a: Rolling Charge


You were on level 4 of the Dungeon.
You visited 1 branch of the dungeon, and saw 4 of its levels.

You collected 136 gold pieces.

Inventory:

Hand Weapons
 a - a +0 war axe
 m - the +7 flail of the Reaper (weapon) {distort, *Rage Str+2 Int+4}
   (You took it off a goblin on level 2 of the Dungeon)

   It warps and distorts space around it, and may blink, banish, or inflict
   extra damage upon those it strikes.
   Unwielding it can cause banishment or high damage.
   Str:       It affects your strength (+2).
   Int:       It affects your intelligence (+4).
   *Rage:     It berserks you when you make melee attacks (+20% chance).
 n - a +0 broad axe of draining
Missiles
 i - 5 poisoned darts
Armour
 b - a +0 scale mail (worn)
 c - a +0 buckler (worn)
Magical Staves
 k - a staff of fire
Jewellery
 f - a ring of flight (left hand)
Scrolls
 e - 2 scrolls of enchant weapon {unknown}
 j - 4 scrolls of identify {unknown}
 l - 2 scrolls of vulnerability {unknown}
 o - a scroll of fog {unknown}
 p - a scroll of teleportation {unknown}
Potions
 d - a potion of might
 g - 2 potions of heal wounds
 h - a potion of haste {unknown}


   Skills:
 * Level 4.0 Fighting
 - Level 2.3(2.8) Axes
 * Level 2.0(2.6) Maces & Flails
 * Level 3.3 Armour
 + Level 1.3 Dodging
 * Level 3.4 Shields


You had 4 spell levels left.
You didn't know any spells.
Your spell library contained the following spells:

 Spells                   Type           Power      Damage    Failure   Level
 Animate Skeleton         Necr           0%         N/A       67%         1
 Apportation              Tloc           0%         N/A       67%         1
 Summon Small Mammal      Summ           0%         N/A       67%         1
 Corpse Rot               Necr/Air       0%         N/A       80%         2
 Call Canine Familiar     Summ           0%         N/A       95%         3
 Summon Guardian Golem    Hex/Summ       0%         N/A       95%         3
 Dispel Undead            Necr           0%         3d6       100%        4
 Alistair's Intoxication  Tmut/Pois      0%         N/A       100%        5
 Death Channel            Necr           0%         N/A       100%        6
 Orb of Destruction       Conj           0%         9d5       100%        7
 Spellforged Servitor     Conj/Summ      0%         N/A       100%        7


Dungeon Overview and Level Annotations

Branches:
Dungeon (4/15)
 Temple: D:4-7

Altars:
Uskayaw
Xom

Annotations:
D:4 Eustachio


Innate Abilities, Weirdness & Mutations

You are completely covered in rugged brown scales. (AC +3, +7% HP)
You have supernaturally acute eyesight. (SInv)
Armour fits poorly on your strangely shaped body.
You can roll at nearby foes to attack.
You have a long armoured tail.


Message History

An adder comes into view.
A kobold comes into view. It is wielding a +0 club.
The adder bites you but does no damage.
The adder moves out of view.
You closely miss the adder. You tail-slap the adder!
You kill the adder!
Eustachio the Magnificent comes into view.
He is wielding a +0 rapier.
There are monsters nearby!
You see here a ball python corpse.
A jackal comes into view.
The adder bites you.
* * * LOW HITPOINT WARNING * * *
You are lethally poisoned!
The adder poisons you! The adder bites you but does no damage.
A jackal comes into view.
Things that are here:
6 gold pieces; a worm corpse
Okay, then.
It was a potion of heal wounds.
You feel much better.
You feel sick.
The jackal barks!
The adder bites you but does no damage.
Eustachio gestures wildly while chanting.
Eustachio blinks!
You block the adder's attack.
You thump the ogre! You tail-slap the ogre!
The ogre is severely wounded.
The ogre blinks!
You feel sick. The ogre hits you with a +0 giant club!
* * * LOW HITPOINT WARNING * * *
The adder closely misses you. The adder bites you.
* * * LOW HITPOINT WARNING * * *
You are lethally poisoned!
The adder poisons you!
A jackal comes into view.
The ogre barely misses you.
You barely miss the kobold.
* * * LOW HITPOINT WARNING * * *
You feel very sick.
The jackal barks!
The adder completely misses you. The kobold barely misses you.
The adder closely misses you. The kobold barely misses you.
The ogre hits you with a +0 giant club!
You die...

.... ..## #... ... #...
..# #... ..# ..
#####......# ....
.$....#†#..##.....
......#.@..........
.......S§..........#
...h..hK@...........
.......O............
[......h<...........#####
.............#.. #.....
$.......)....# . #.....
.......#.....#### #.....
................####.....
.........................
........############.....


You could see Eustachio, an ogre, an adder, 3 jackals and a kobold.

Vanquished Creatures
  A black bear (D:4)
  A howler monkey (D:4)
  A jelly (D:4)
  4 adders
  2 worms
  3 dart slugs
  5 ball pythons
  4 endoplasms
  2 giant cockroaches (D:1)
  5 goblins
  3 hobgoblins
  9 kobolds
  A quokka (D:4)
  A bat (D:2)
  2 frilled lizards
  7 rats
51 creatures vanquished.

Vanquished Creatures (others)
  A plant (D:4)
1 creature vanquished.

Grand Total: 52 creatures vanquished

Notes
Turn   | Place    | Note
-------+----------+-------------------------------------------
     0 | D:1      | sammy202020 the Palentonga Fighter began the quest for the
                  | Orb.
     0 | D:1      | Reached XP level 1. HP: 19/19 MP: 1/1
   272 | D:1      | Reached XP level 2. HP: 25/25 MP: 2/2
  1002 | D:2      | Identified the +7 flail of the Reaper {distort, *Rage Str+2
                  | Int+4}
  1006 | D:2      | Reached XP level 3. HP: 31/31 MP: 3/3
  1298 | D:2      | Found a hide-covered altar of Uskayaw.
  1437 | D:2      | Found a faded altar of an unknown god.
  1600 | D:3      | Reached XP level 4. HP: 37/37 MP: 4/4
  1761 | D:3      | Found a shimmering altar of Xom.
  2050 | D:4      | Noticed a black bear
  2054 | D:4      | Reached skill level 1 in Maces & Flails
  2058 | D:4      | Killed a black bear
  2059 | D:4      | Reached skill level 1 in Dodging
  2059 | D:4      | Reached XP level 5. HP: 17/44 MP: 5/5
  2076 | D:4      | HP: 1/44 [howler monkey (6)]
  2077 | D:4      | Noticed an ogre
  2078 | D:4      | Reached skill level 4 in Fighting
  2079 | D:4      | Noticed Eustachio
  2081 | D:4      | HP: 1/44 [adder (1)]
  2084 | D:4      | Mangled by an ogre

Illustrated notes

Levels and vault maps discovered:
D:1:      dpeg_arrival_three_same_balls, layout_loops_corners
D:2:      layout_basic, chequers_ecumenical_altar_simple_redux, basic_altar
D:3:      layout_basic, lemuel_doored_altar, nicolae_wormholes
D:4:      cheibrodos_old_hovel, layout_rooms, nicolae_qazlal_scattered_showers,
          serial_park_tiny_1, hangedman_feature_mirror, uniq_eustachio,
          uniq_menkaure

Skill      XL: |  1  2  3  4  5 |
---------------+----------------+-----
Maces & Flails | 1 2 |  2.0
Armour         | 3 |  3.3
Shields        | 3 |  3.4
Dodging        | 1 |  1.3
Fighting       | 4 |  4.0
Axes           | |  2.3

Action                   |  1- 3 |  4- 6 || total
-------------------------+-------+-------++-------
Melee: War axe           |    48 |       ||    48
       Tailslap          |     5 |     5 ||    10
       Flail             |    20 |    29 ||    49
 Abil: Rolling Charge    |     6 |       ||     6
  Use: Potion            |       |     1 ||     1
Armor: Scale mail        |    33 |    22 ||    55
Dodge: Dodged            |    25 |    17 ||    42
Block: Buckler           |    12 |     3 ||    15

Table legend: (Time is in decaauts)
 A = Elapsed time spent in this place.
 B = Non-inter-level travel time spent in this place.
 C = Inter-level travel time spent in this place.
 D = Time resting spent in this place.
 E = Time spent auto-exploring this place.
 F = Levels seen in this place.
 G = Mean time per level.
                   A        B        C        D        E       F      G
               +--------+--------+--------+--------+--------+-----+--------+
         Total |   2184 |   2133 |     51 |      0 |   1607 |   4 |  546.0 |
       Dungeon |   2184 |   2133 |     51 |      0 |   1607 |   4 |  546.0 |
               +--------+--------+--------+--------+--------+-----+--------+

Top non-repeatable levels by time:
     D:1: 830 daAuts
     D:2: 827 daAuts
     D:3: 461 daAuts
     D:4: 65 daAuts
